Workbook
Name Abschreibunglinear: Berechnungen!$B$14
Name Abzinsungsfaktor: Eingabe!$B$51
Name Anlagenbezeichnung: Eingabe!$B$4
Name Arbeitsstunden: Eingabe!$B$23
Name BedarfsgebundeneKosten: Berechnungen!$B$3
Name BetriebsgebundeneKosten: Berechnungen!$B$10
Name DynAmortisationszeit: Berechnungen!$C$40
Name Ersatzbeschaffung1: Eingabe!$B$28
Name Ersatzbeschaffung2: Eingabe!$B$29
Name Erstellungsdatum: Eingabe!$B$5
Name FaktorEnergie: Eingabe!$B$45
Name FaktorErlöse: Eingabe!$B$49
Name FaktorInstandsetzung: Eingabe!$B$21
Name FaktorSonstigeKosten: Eingabe!$B$47
Name FaktorWartung: Eingabe!$B$22
Name Förderung: Eingabe!$B$37
Name Gas: Berechnungen!$B$7
Name JahrErsatzbeschaffung1: Eingabe!$D$28
Name JahrErsatzbeschaffung2: Eingabe!$D$29
Name jährlicherErlös: Eingabe!$B$36
Name Kälte: Berechnungen!$B$5
Name KapitalgebundeneKosten: Eingabe!$B$9
Name Kapitalwert: Berechnungen!$B$36
Name LaufzeitFörderung: Eingabe!$D$37
Name Lohn: Berechnungen!$B$12
Name Lohnerhöhung: Eingabe!$B$25
Name NameErsteller: Eingabe!$B$3
Name Nutzungsjahre: Eingabe!$B$43
Name PreisGas: Eingabe!$C$16
Name PreisKälte: Eingabe!$C$14
Name PreisStrom: Eingabe!$C$15
Name PreisWärme: Eingabe!$C$13
Name PreisWasser: Eingabe!$C$18
Name Restwert: Eingabe!$B$39
Name SonstigeKosten: Eingabe!$B$31
Name StatAmortisationszeit: Berechnungen!$C$39
Name Strom: Berechnungen!$B$6
Name Stundenlohn: Eingabe!$B$24
Name VerbrauchGas: Eingabe!$B$16
Name VerbrauchKälte: Eingabe!$B$14
Name VerbrauchStrom: Eingabe!$B$15
Name VerbrauchWärme: Eingabe!$B$13
Name VerbrauchWasser: Eingabe!$B$18
Name Wärme: Berechnungen!$B$4
Name WartungInspektion: Berechnungen!$B$11
Name Wasser: Berechnungen!$B$8

Sheet Eingabe
A1: Parameter-Eingabe
A3: Name des Erstellers | B3: Max Mustermann
A4: Anlagenbezeichnung | B4: Anlage XY
A5: Datum der Erstellung | B5: 45658
A7: Kostenarten
A9: Kapitalgebundene Kosten | B9: 90000 | E9: einmalig
A11: Bedarfsgebundene Kosten
B12: kWh | C12: €/kWh
A13: Wärme | B13: 2000 | C13: 0.06 | D13: =IF(C13>0.8,"Korrekt?","")
A14: Kälte | B14: 1000 | C14: 0.1 | D14: =IF(C14>0.8,"Korrekt?","")
A15: Strom | B15: 10000 | C15: 0.18 | D15: =IF(C15>0.6,"Korrekt?","")
A16: Gas | B16: 15000 | C16: 0.04 | D16: =IF(C16>0.6,"Korrekt?","")
B17: m³ | C17: €/m³
A18: Wasser | B18: 1000 | C18: 0.22 | D18: =IF(C18>0.6,"Korrekt?","")
A20: Betriebsgebundene Kosten
A21: Faktor Instandhaltung | B21: 0.015
A22: Faktor Wartung/Inspektion | B22: 0.02
A23: Faktor Bedienung | B23: 1
A24: Kosten Bedienung | B24: 30
A25: Lohnerhöhung | B25: 0.02
A27: Ersatzbeschaffungen
A28: 1. | B28: 20000 | C28: in Jahr | D28: 5 | E28: =IF(JahrErsatzbeschaffung1>JahrErsatzbeschaffung2,"Korrekt?","")
A29: 2. | B29: 10000 | C29: in Jahr | D29: 10 | E29: =IF(JahrErsatzbeschaffung2<JahrErsatzbeschaffung1,"Korrekt?","")
A31: Sonstige Kosten | B31: 1500 | E31: pro Jahr
A33: Erlöse
A35: Erlöse
A36: jährlich | B36: 15000
A37: Förderung | B37: 10000 | C37: Laufzeit in Jahren | D37: 10 | E37: =IF(LaufzeitFörderung>Nutzungsjahre,"Korrekt?","")
A39: Restwert | B39: 0 | C39: =IF(Restwert>KapitalgebundeneKosten,"Korrekt?","")
A41: Faktoren und Preisänderungen
A43: Nutzungsjahre | B43: 30 | C43: =IF(Nutzungsjahre>30,"Max. 30 Jahre","")
A45: Faktor Preisveränderung Energie | B45: 0.03
A47: Preissteigerung Sonstige Kosten | B47: 0.02
A49: Erlössteigerung | B49: 0.02
A51: Abzinsungsfaktor | B51: 0.02
A56: https://www.umwelt-campus.de/energietools
A57: Stand: 04.08.2026
A59: Copyright © 2026, Prof. Dr. Henrik te Heesen Dieses Tool ist freie Software. Sie können es unter den Bedingungen der GNU General Public License, wie von der Free Software Foundation veröffentlicht, weitergeben und/oder modifizieren, entweder gemäß Version 3 der Lizenz oder (nach Ihrer Option) jeder späteren Version. Die Veröffentlichung dieses Programms erfolgt in der Hoffnung, dass es Ihnen von Nutzen sein wird, aber OHNE IRGENDEINE GARANTIE, sogar ohne die implizite Garantie der MARKTREIFE oder der VERWENDBARKEIT FÜR EINEN BESTIMMTEN ZWECK. Details finden Sie in der GNU General Public License. https://www.gnu.org/licenses/

Sheet Ergebnisse
F1: Jahr | G1: Kapitalgebunde Kosten | H1: Bedarfsgebundene Kosten | I1: Betriebsgebundene Kosten | J1: Ersatzbeschaffungen | K1: Sonstige Kosten | L1: Jährliche Erlöse | M1: Förderung | N1: Restwert | O1: Saldo | P1: Kapitalwert | Q1: Anlagevermögen
A2: Ersteller | B2: =NameErsteller -> Max Mustermann
A3: Anlagenbezeichnung | B3: =Anlagenbezeichnung -> Anlage XY
A4: Berechnungsdatum | B4: =Erstellungsdatum -> 45658
A6: Kapitalgebundene Kosten | B6: =KapitalgebundeneKosten -> 90000
A7: Bedarfsgebundene Kosten | B7: =-BedarfsgebundeneKosten -> 2840
A8: Betriebsgebundene Kosten | B8: =-BetriebsgebundeneKosten -> 3180
A10: Ersatzbeschaffung
A11: 1. | B11: =Ersatzbeschaffung1 -> 20000 | C11: in Jahr | D11: =JahrErsatzbeschaffung1 -> 5
A12: 2. | B12: =Ersatzbeschaffung2 -> 10000 | C12: in Jahr | D12: =JahrErsatzbeschaffung2 -> 10
F13: =Berechnungen!B16 -> 1 | G13: =INDEX(Berechnungen!$B$21:$AE$35,4,(1)) -> -3000 | H13: =INDEX(Berechnungen!$B$21:$AE$35,6,(1)) -> -2840 | I13: =INDEX(Berechnungen!$B$21:$AE$35,7,(1)) -> -3180 | J13: =INDEX(Berechnungen!$B$21:$AE$35,5,(1)) -> 0 | K13: =INDEX(Berechnungen!$B$21:$AE$35,8,(1)) -> -1500 | L13: =INDEX(Berechnungen!$B$21:$AE$35,9,(1)) -> 15000 | M13: =INDEX(Berechnungen!$B$21:$AE$35,10,(1)) -> 10000 | N13: =INDEX(Berechnungen!$B$21:$AE$35,11,(1)) -> 0 | O13: =INDEX(Berechnungen!$B$21:$AE$35,12,(1)) -> 17480 | P13: =INDEX(Berechnungen!$B$21:$AE$35,14,(1)) -> -72862.745 | Q13: =INDEX(Berechnungen!$B$21:$AE$35,1,(1)) -> 87000
A14: Sonstige Kosten | B14: =SonstigeKosten -> 1500 | F14: =Berechnungen!C16 -> 2 | G14: {=IF(F14<=Nutzungsjahre,INDEX(Berechnungen!$B$21:$AE$35,4,(F13+1)),"")} -> -3000 | H14: {=IF(F14<=Nutzungsjahre,INDEX(Berechnungen!$B$21:$AE$35,6,(F13+1)),"")} -> -2925.2 | I14: {=IF(F14<=Nutzungsjahre,INDEX(Berechnungen!$B$21:$AE$35,7,(F13+1)),"")} -> -3180.6 | J14: {=IF(F14<=Nutzungsjahre,INDEX(Berechnungen!$B$21:$AE$35,5,(F13+1)),"")} -> 0 | K14: {=IF(F14<=Nutzungsjahre,INDEX(Berechnungen!$B$21:$AE$35,8,(F13+1)),"")} -> -1530 | L14: {=IF(F14<=Nutzungsjahre,INDEX(Berechnungen!$B$21:$AE$35,9,(F13+1)),"")} -> 15300 | M14: {=IF(F14<=Nutzungsjahre,INDEX(Berechnungen!$B$21:$AE$35,10,(F13+1)),"")} -> 10000 | N14: {=IF(F14<=Nutzungsjahre,INDEX(Berechnungen!$B$21:$AE$35,11,(F13+1)),"")} -> 0 | O14: {=IF(F14<=Nutzungsjahre,INDEX(Berechnungen!$B$21:$AE$35,12,(F13+1)),"")} -> 17664.2 | P14: {=IF(F14<=Nutzungsjahre,INDEX(Berechnungen!$B$21:$AE$35,14,(F13+1)),"")} -> -55884.468 | Q14: {=IF(F14<=Nutzungsjahre,INDEX(Berechnungen!$B$21:$AE$35,1,(F13+1)),"")} -> 84000
F15: =Berechnungen!D16 -> 3 | G15: {=IF(F15<=Nutzungsjahre,INDEX(Berechnungen!$B$21:$AE$35,4,(F14+1)),"")} -> -3000 | H15: {=IF(F15<=Nutzungsjahre,INDEX(Berechnungen!$B$21:$AE$35,6,(F14+1)),"")} -> -3012.956 | I15: {=IF(F15<=Nutzungsjahre,INDEX(Berechnungen!$B$21:$AE$35,7,(F14+1)),"")} -> -3181.212 | J15: {=IF(F15<=Nutzungsjahre,INDEX(Berechnungen!$B$21:$AE$35,5,(F14+1)),"")} -> 0 | K15: {=IF(F15<=Nutzungsjahre,INDEX(Berechnungen!$B$21:$AE$35,8,(F14+1)),"")} -> -1560.6 | L15: {=IF(F15<=Nutzungsjahre,INDEX(Berechnungen!$B$21:$AE$35,9,(F14+1)),"")} -> 15606 | M15: {=IF(F15<=Nutzungsjahre,INDEX(Berechnungen!$B$21:$AE$35,10,(F14+1)),"")} -> 10000 | N15: {=IF(F15<=Nutzungsjahre,INDEX(Berechnungen!$B$21:$AE$35,11,(F14+1)),"")} -> 0 | O15: {=IF(F15<=Nutzungsjahre,INDEX(Berechnungen!$B$21:$AE$35,12,(F14+1)),"")} -> 17851.232 | P15: {=IF(F15<=Nutzungsjahre,INDEX(Berechnungen!$B$21:$AE$35,14,(F14+1)),"")} -> -39062.853 | Q15: {=IF(F15<=Nutzungsjahre,INDEX(Berechnungen!$B$21:$AE$35,1,(F14+1)),"")} -> 81000
A16: Erlöse | F16: =Berechnungen!E16 -> 4 | G16: {=IF(F16<=Nutzungsjahre,INDEX(Berechnungen!$B$21:$AE$35,4,(F15+1)),"")} -> -3000 | H16: {=IF(F16<=Nutzungsjahre,INDEX(Berechnungen!$B$21:$AE$35,6,(F15+1)),"")} -> -3103.3447 | I16: {=IF(F16<=Nutzungsjahre,INDEX(Berechnungen!$B$21:$AE$35,7,(F15+1)),"")} -> -3181.8362 | J16: {=IF(F16<=Nutzungsjahre,INDEX(Berechnungen!$B$21:$AE$35,5,(F15+1)),"")} -> 0 | K16: {=IF(F16<=Nutzungsjahre,INDEX(Berechnungen!$B$21:$AE$35,8,(F15+1)),"")} -> -1591.812 | L16: {=IF(F16<=Nutzungsjahre,INDEX(Berechnungen!$B$21:$AE$35,9,(F15+1)),"")} -> 15918.12 | M16: {=IF(F16<=Nutzungsjahre,INDEX(Berechnungen!$B$21:$AE$35,10,(F15+1)),"")} -> 10000 | N16: {=IF(F16<=Nutzungsjahre,INDEX(Berechnungen!$B$21:$AE$35,11,(F15+1)),"")} -> 0 | O16: {=IF(F16<=Nutzungsjahre,INDEX(Berechnungen!$B$21:$AE$35,12,(F15+1)),"")} -> 18041.127 | P16: {=IF(F16<=Nutzungsjahre,INDEX(Berechnungen!$B$21:$AE$35,14,(F15+1)),"")} -> -22395.64 | Q16: {=IF(F16<=Nutzungsjahre,INDEX(Berechnungen!$B$21:$AE$35,1,(F15+1)),"")} -> 78000
A17: Erlöse jährlich | B17: =jährlicherErlös -> 15000 | F17: =Berechnungen!F16 -> 5 | G17: {=IF(F17<=Nutzungsjahre,INDEX(Berechnungen!$B$21:$AE$35,4,(F16+1)),"")} -> -3000 | H17: {=IF(F17<=Nutzungsjahre,INDEX(Berechnungen!$B$21:$AE$35,6,(F16+1)),"")} -> -3196.445 | I17: {=IF(F17<=Nutzungsjahre,INDEX(Berechnungen!$B$21:$AE$35,7,(F16+1)),"")} -> -3182.473 | J17: {=IF(F17<=Nutzungsjahre,INDEX(Berechnungen!$B$21:$AE$35,5,(F16+1)),"")} -> -20000 | K17: {=IF(F17<=Nutzungsjahre,INDEX(Berechnungen!$B$21:$AE$35,8,(F16+1)),"")} -> -1623.6482 | L17: {=IF(F17<=Nutzungsjahre,INDEX(Berechnungen!$B$21:$AE$35,9,(F16+1)),"")} -> 16236.482 | M17: {=IF(F17<=Nutzungsjahre,INDEX(Berechnungen!$B$21:$AE$35,10,(F16+1)),"")} -> 10000 | N17: {=IF(F17<=Nutzungsjahre,INDEX(Berechnungen!$B$21:$AE$35,11,(F16+1)),"")} -> 0 | O17: {=IF(F17<=Nutzungsjahre,INDEX(Berechnungen!$B$21:$AE$35,12,(F16+1)),"")} -> -1766.0838 | P17: {=IF(F17<=Nutzungsjahre,INDEX(Berechnungen!$B$21:$AE$35,14,(F16+1)),"")} -> -23995.237 | Q17: {=IF(F17<=Nutzungsjahre,INDEX(Berechnungen!$B$21:$AE$35,1,(F16+1)),"")} -> 75000
A18: Förderung | B18: =Förderung -> 10000 | C18: Laufzeit: | D18: =LaufzeitFörderung -> 10 | F18: =Berechnungen!G16 -> 6 | G18: {=IF(F18<=Nutzungsjahre,INDEX(Berechnungen!$B$21:$AE$35,4,(F17+1)),"")} -> -3000 | H18: {=IF(F18<=Nutzungsjahre,INDEX(Berechnungen!$B$21:$AE$35,6,(F17+1)),"")} -> -3292.3384 | I18: {=IF(F18<=Nutzungsjahre,INDEX(Berechnungen!$B$21:$AE$35,7,(F17+1)),"")} -> -3183.1224 | J18: {=IF(F18<=Nutzungsjahre,INDEX(Berechnungen!$B$21:$AE$35,5,(F17+1)),"")} -> 0 | K18: {=IF(F18<=Nutzungsjahre,INDEX(Berechnungen!$B$21:$AE$35,8,(F17+1)),"")} -> -1656.1212 | L18: {=IF(F18<=Nutzungsjahre,INDEX(Berechnungen!$B$21:$AE$35,9,(F17+1)),"")} -> 16561.212 | M18: {=IF(F18<=Nutzungsjahre,INDEX(Berechnungen!$B$21:$AE$35,10,(F17+1)),"")} -> 10000 | N18: {=IF(F18<=Nutzungsjahre,INDEX(Berechnungen!$B$21:$AE$35,11,(F17+1)),"")} -> 0 | O18: {=IF(F18<=Nutzungsjahre,INDEX(Berechnungen!$B$21:$AE$35,12,(F17+1)),"")} -> 18429.63 | P18: {=IF(F18<=Nutzungsjahre,INDEX(Berechnungen!$B$21:$AE$35,14,(F17+1)),"")} -> -7630.2526 | Q18: {=IF(F18<=Nutzungsjahre,INDEX(Berechnungen!$B$21:$AE$35,1,(F17+1)),"")} -> 72000
F19: =Berechnungen!H16 -> 7 | G19: {=IF(F19<=Nutzungsjahre,INDEX(Berechnungen!$B$21:$AE$35,4,(F18+1)),"")} -> -3000 | H19: {=IF(F19<=Nutzungsjahre,INDEX(Berechnungen!$B$21:$AE$35,6,(F18+1)),"")} -> -3391.1085 | I19: {=IF(F19<=Nutzungsjahre,INDEX(Berechnungen!$B$21:$AE$35,7,(F18+1)),"")} -> -3183.7849 | J19: {=IF(F19<=Nutzungsjahre,INDEX(Berechnungen!$B$21:$AE$35,5,(F18+1)),"")} -> 0 | K19: {=IF(F19<=Nutzungsjahre,INDEX(Berechnungen!$B$21:$AE$35,8,(F18+1)),"")} -> -1689.2436 | L19: {=IF(F19<=Nutzungsjahre,INDEX(Berechnungen!$B$21:$AE$35,9,(F18+1)),"")} -> 16892.436 | M19: {=IF(F19<=Nutzungsjahre,INDEX(Berechnungen!$B$21:$AE$35,10,(F18+1)),"")} -> 10000 | N19: {=IF(F19<=Nutzungsjahre,INDEX(Berechnungen!$B$21:$AE$35,11,(F18+1)),"")} -> 0 | O19: {=IF(F19<=Nutzungsjahre,INDEX(Berechnungen!$B$21:$AE$35,12,(F18+1)),"")} -> 18628.299 | P19: {=IF(F19<=Nutzungsjahre,INDEX(Berechnungen!$B$21:$AE$35,14,(F18+1)),"")} -> 8586.8029 | Q19: {=IF(F19<=Nutzungsjahre,INDEX(Berechnungen!$B$21:$AE$35,1,(F18+1)),"")} -> 69000
A20: Restwert | B20: =Restwert -> 0 | F20: =Berechnungen!I16 -> 8 | G20: {=IF(F20<=Nutzungsjahre,INDEX(Berechnungen!$B$21:$AE$35,4,(F19+1)),"")} -> -3000 | H20: {=IF(F20<=Nutzungsjahre,INDEX(Berechnungen!$B$21:$AE$35,6,(F19+1)),"")} -> -3492.8418 | I20: {=IF(F20<=Nutzungsjahre,INDEX(Berechnungen!$B$21:$AE$35,7,(F19+1)),"")} -> -3184.4606 | J20: {=IF(F20<=Nutzungsjahre,INDEX(Berechnungen!$B$21:$AE$35,5,(F19+1)),"")} -> 0 | K20: {=IF(F20<=Nutzungsjahre,INDEX(Berechnungen!$B$21:$AE$35,8,(F19+1)),"")} -> -1723.0285 | L20: {=IF(F20<=Nutzungsjahre,INDEX(Berechnungen!$B$21:$AE$35,9,(F19+1)),"")} -> 17230.285 | M20: {=IF(F20<=Nutzungsjahre,INDEX(Berechnungen!$B$21:$AE$35,10,(F19+1)),"")} -> 10000 | N20: {=IF(F20<=Nutzungsjahre,INDEX(Berechnungen!$B$21:$AE$35,11,(F19+1)),"")} -> 0 | O20: {=IF(F20<=Nutzungsjahre,INDEX(Berechnungen!$B$21:$AE$35,12,(F19+1)),"")} -> 18829.954 | P20: {=IF(F20<=Nutzungsjahre,INDEX(Berechnungen!$B$21:$AE$35,14,(F19+1)),"")} -> 24657.987 | Q20: {=IF(F20<=Nutzungsjahre,INDEX(Berechnungen!$B$21:$AE$35,1,(F19+1)),"")} -> 66000
F21: =Berechnungen!J16 -> 9 | G21: {=IF(F21<=Nutzungsjahre,INDEX(Berechnungen!$B$21:$AE$35,4,(F20+1)),"")} -> -3000 | H21: {=IF(F21<=Nutzungsjahre,INDEX(Berechnungen!$B$21:$AE$35,6,(F20+1)),"")} -> -3597.627 | I21: {=IF(F21<=Nutzungsjahre,INDEX(Berechnungen!$B$21:$AE$35,7,(F20+1)),"")} -> -3185.1498 | J21: {=IF(F21<=Nutzungsjahre,INDEX(Berechnungen!$B$21:$AE$35,5,(F20+1)),"")} -> 0 | K21: {=IF(F21<=Nutzungsjahre,INDEX(Berechnungen!$B$21:$AE$35,8,(F20+1)),"")} -> -1757.4891 | L21: {=IF(F21<=Nutzungsjahre,INDEX(Berechnungen!$B$21:$AE$35,9,(F20+1)),"")} -> 17574.891 | M21: {=IF(F21<=Nutzungsjahre,INDEX(Berechnungen!$B$21:$AE$35,10,(F20+1)),"")} -> 10000 | N21: {=IF(F21<=Nutzungsjahre,INDEX(Berechnungen!$B$21:$AE$35,11,(F20+1)),"")} -> 0 | O21: {=IF(F21<=Nutzungsjahre,INDEX(Berechnungen!$B$21:$AE$35,12,(F20+1)),"")} -> 19034.625 | P21: {=IF(F21<=Nutzungsjahre,INDEX(Berechnungen!$B$21:$AE$35,14,(F20+1)),"")} -> 40585.31 | Q21: {=IF(F21<=Nutzungsjahre,INDEX(Berechnungen!$B$21:$AE$35,1,(F20+1)),"")} -> 63000
A22: Nutzungsjahre | B22: =Nutzungsjahre -> 30 | F22: =Berechnungen!K16 -> 10 | G22: {=IF(F22<=Nutzungsjahre,INDEX(Berechnungen!$B$21:$AE$35,4,(F21+1)),"")} -> -3000 | H22: {=IF(F22<=Nutzungsjahre,INDEX(Berechnungen!$B$21:$AE$35,6,(F21+1)),"")} -> -3705.5558 | I22: {=IF(F22<=Nutzungsjahre,INDEX(Berechnungen!$B$21:$AE$35,7,(F21+1)),"")} -> -3185.8528 | J22: {=IF(F22<=Nutzungsjahre,INDEX(Berechnungen!$B$21:$AE$35,5,(F21+1)),"")} -> -10000 | K22: {=IF(F22<=Nutzungsjahre,INDEX(Berechnungen!$B$21:$AE$35,8,(F21+1)),"")} -> -1792.6389 | L22: {=IF(F22<=Nutzungsjahre,INDEX(Berechnungen!$B$21:$AE$35,9,(F21+1)),"")} -> 17926.389 | M22: {=IF(F22<=Nutzungsjahre,INDEX(Berechnungen!$B$21:$AE$35,10,(F21+1)),"")} -> 10000 | N22: {=IF(F22<=Nutzungsjahre,INDEX(Berechnungen!$B$21:$AE$35,11,(F21+1)),"")} -> 0 | O22: {=IF(F22<=Nutzungsjahre,INDEX(Berechnungen!$B$21:$AE$35,12,(F21+1)),"")} -> 9242.3411 | P22: {=IF(F22<=Nutzungsjahre,INDEX(Berechnungen!$B$21:$AE$35,14,(F21+1)),"")} -> 48167.249 | Q22: {=IF(F22<=Nutzungsjahre,INDEX(Berechnungen!$B$21:$AE$35,1,(F21+1)),"")} -> 60000
A23: Abzinsungsfaktor | B23: =Abzinsungsfaktor -> 0.02 | F23: =Berechnungen!L16 -> 11 | G23: {=IF(F23<=Nutzungsjahre,INDEX(Berechnungen!$B$21:$AE$35,4,(F22+1)),"")} -> -3000 | H23: {=IF(F23<=Nutzungsjahre,INDEX(Berechnungen!$B$21:$AE$35,6,(F22+1)),"")} -> -3816.7225 | I23: {=IF(F23<=Nutzungsjahre,INDEX(Berechnungen!$B$21:$AE$35,7,(F22+1)),"")} -> -3186.5698 | J23: {=IF(F23<=Nutzungsjahre,INDEX(Berechnungen!$B$21:$AE$35,5,(F22+1)),"")} -> 0 | K23: {=IF(F23<=Nutzungsjahre,INDEX(Berechnungen!$B$21:$AE$35,8,(F22+1)),"")} -> -1828.4916 | L23: {=IF(F23<=Nutzungsjahre,INDEX(Berechnungen!$B$21:$AE$35,9,(F22+1)),"")} -> 18284.916 | M23: {=IF(F23<=Nutzungsjahre,INDEX(Berechnungen!$B$21:$AE$35,10,(F22+1)),"")} -> 0 | N23: {=IF(F23<=Nutzungsjahre,INDEX(Berechnungen!$B$21:$AE$35,11,(F22+1)),"")} -> 0 | O23: {=IF(F23<=Nutzungsjahre,INDEX(Berechnungen!$B$21:$AE$35,12,(F22+1)),"")} -> 9453.1323 | P23: {=IF(F23<=Nutzungsjahre,INDEX(Berechnungen!$B$21:$AE$35,14,(F22+1)),"")} -> 55770.054 | Q23: {=IF(F23<=Nutzungsjahre,INDEX(Berechnungen!$B$21:$AE$35,1,(F22+1)),"")} -> 57000
F24: =Berechnungen!M16 -> 12 | G24: {=IF(F24<=Nutzungsjahre,INDEX(Berechnungen!$B$21:$AE$35,4,(F23+1)),"")} -> -3000 | H24: {=IF(F24<=Nutzungsjahre,INDEX(Berechnungen!$B$21:$AE$35,6,(F23+1)),"")} -> -3931.2242 | I24: {=IF(F24<=Nutzungsjahre,INDEX(Berechnungen!$B$21:$AE$35,7,(F23+1)),"")} -> -3187.3012 | J24: {=IF(F24<=Nutzungsjahre,INDEX(Berechnungen!$B$21:$AE$35,5,(F23+1)),"")} -> 0 | K24: {=IF(F24<=Nutzungsjahre,INDEX(Berechnungen!$B$21:$AE$35,8,(F23+1)),"")} -> -1865.0615 | L24: {=IF(F24<=Nutzungsjahre,INDEX(Berechnungen!$B$21:$AE$35,9,(F23+1)),"")} -> 18650.615 | M24: {=IF(F24<=Nutzungsjahre,INDEX(Berechnungen!$B$21:$AE$35,10,(F23+1)),"")} -> 0 | N24: {=IF(F24<=Nutzungsjahre,INDEX(Berechnungen!$B$21:$AE$35,11,(F23+1)),"")} -> 0 | O24: {=IF(F24<=Nutzungsjahre,INDEX(Berechnungen!$B$21:$AE$35,12,(F23+1)),"")} -> 9667.0277 | P24: {=IF(F24<=Nutzungsjahre,INDEX(Berechnungen!$B$21:$AE$35,14,(F23+1)),"")} -> 63392.439 | Q24: {=IF(F24<=Nutzungsjahre,INDEX(Berechnungen!$B$21:$AE$35,1,(F23+1)),"")} -> 54000
A25: Kapitalwert | B25: =Kapitalwert -> 202569.44 | F25: =Berechnungen!N16 -> 13 | G25: {=IF(F25<=Nutzungsjahre,INDEX(Berechnungen!$B$21:$AE$35,4,(F24+1)),"")} -> -3000 | H25: {=IF(F25<=Nutzungsjahre,INDEX(Berechnungen!$B$21:$AE$35,6,(F24+1)),"")} -> -4049.1609 | I25: {=IF(F25<=Nutzungsjahre,INDEX(Berechnungen!$B$21:$AE$35,7,(F24+1)),"")} -> -3188.0473 | J25: {=IF(F25<=Nutzungsjahre,INDEX(Berechnungen!$B$21:$AE$35,5,(F24+1)),"")} -> 0 | K25: {=IF(F25<=Nutzungsjahre,INDEX(Berechnungen!$B$21:$AE$35,8,(F24+1)),"")} -> -1902.3627 | L25: {=IF(F25<=Nutzungsjahre,INDEX(Berechnungen!$B$21:$AE$35,9,(F24+1)),"")} -> 19023.627 | M25: {=IF(F25<=Nutzungsjahre,INDEX(Berechnungen!$B$21:$AE$35,10,(F24+1)),"")} -> 0 | N25: {=IF(F25<=Nutzungsjahre,INDEX(Berechnungen!$B$21:$AE$35,11,(F24+1)),"")} -> 0 | O25: {=IF(F25<=Nutzungsjahre,INDEX(Berechnungen!$B$21:$AE$35,12,(F24+1)),"")} -> 9884.0561 | P25: {=IF(F25<=Nutzungsjahre,INDEX(Berechnungen!$B$21:$AE$35,14,(F24+1)),"")} -> 71033.136 | Q25: {=IF(F25<=Nutzungsjahre,INDEX(Berechnungen!$B$21:$AE$35,1,(F24+1)),"")} -> 51000
A26: Statische Amortisationszeit | B26: =StatAmortisationszeit -> 6.9796687 | F26: =Berechnungen!O16 -> 14 | G26: {=IF(F26<=Nutzungsjahre,INDEX(Berechnungen!$B$21:$AE$35,4,(F25+1)),"")} -> -3000 | H26: {=IF(F26<=Nutzungsjahre,INDEX(Berechnungen!$B$21:$AE$35,6,(F25+1)),"")} -> -4170.6357 | I26: {=IF(F26<=Nutzungsjahre,INDEX(Berechnungen!$B$21:$AE$35,7,(F25+1)),"")} -> -3188.8082 | J26: {=IF(F26<=Nutzungsjahre,INDEX(Berechnungen!$B$21:$AE$35,5,(F25+1)),"")} -> 0 | K26: {=IF(F26<=Nutzungsjahre,INDEX(Berechnungen!$B$21:$AE$35,8,(F25+1)),"")} -> -1940.4099 | L26: {=IF(F26<=Nutzungsjahre,INDEX(Berechnungen!$B$21:$AE$35,9,(F25+1)),"")} -> 19404.099 | M26: {=IF(F26<=Nutzungsjahre,INDEX(Berechnungen!$B$21:$AE$35,10,(F25+1)),"")} -> 0 | N26: {=IF(F26<=Nutzungsjahre,INDEX(Berechnungen!$B$21:$AE$35,11,(F25+1)),"")} -> 0 | O26: {=IF(F26<=Nutzungsjahre,INDEX(Berechnungen!$B$21:$AE$35,12,(F25+1)),"")} -> 10104.246 | P26: {=IF(F26<=Nutzungsjahre,INDEX(Berechnungen!$B$21:$AE$35,14,(F25+1)),"")} -> 78690.891 | Q26: {=IF(F26<=Nutzungsjahre,INDEX(Berechnungen!$B$21:$AE$35,1,(F25+1)),"")} -> 48000
A27: Dynamische Amortisationszeit | B27: =DynAmortisationszeit -> 9.2285785 | F27: =Berechnungen!P16 -> 15 | G27: {=IF(F27<=Nutzungsjahre,INDEX(Berechnungen!$B$21:$AE$35,4,(F26+1)),"")} -> -3000 | H27: {=IF(F27<=Nutzungsjahre,INDEX(Berechnungen!$B$21:$AE$35,6,(F26+1)),"")} -> -4295.7548 | I27: {=IF(F27<=Nutzungsjahre,INDEX(Berechnungen!$B$21:$AE$35,7,(F26+1)),"")} -> -3189.5844 | J27: {=IF(F27<=Nutzungsjahre,INDEX(Berechnungen!$B$21:$AE$35,5,(F26+1)),"")} -> 0 | K27: {=IF(F27<=Nutzungsjahre,INDEX(Berechnungen!$B$21:$AE$35,8,(F26+1)),"")} -> -1979.2181 | L27: {=IF(F27<=Nutzungsjahre,INDEX(Berechnungen!$B$21:$AE$35,9,(F26+1)),"")} -> 19792.181 | M27: {=IF(F27<=Nutzungsjahre,INDEX(Berechnungen!$B$21:$AE$35,10,(F26+1)),"")} -> 0 | N27: {=IF(F27<=Nutzungsjahre,INDEX(Berechnungen!$B$21:$AE$35,11,(F26+1)),"")} -> 0 | O27: {=IF(F27<=Nutzungsjahre,INDEX(Berechnungen!$B$21:$AE$35,12,(F26+1)),"")} -> 10327.624 | P27: {=IF(F27<=Nutzungsjahre,INDEX(Berechnungen!$B$21:$AE$35,14,(F26+1)),"")} -> 86364.468 | Q27: {=IF(F27<=Nutzungsjahre,INDEX(Berechnungen!$B$21:$AE$35,1,(F26+1)),"")} -> 45000
F28: =Berechnungen!Q16 -> 16 | G28: {=IF(F28<=Nutzungsjahre,INDEX(Berechnungen!$B$21:$AE$35,4,(F27+1)),"")} -> -3000 | H28: {=IF(F28<=Nutzungsjahre,INDEX(Berechnungen!$B$21:$AE$35,6,(F27+1)),"")} -> -4424.6275 | I28: {=IF(F28<=Nutzungsjahre,INDEX(Berechnungen!$B$21:$AE$35,7,(F27+1)),"")} -> -3190.3761 | J28: {=IF(F28<=Nutzungsjahre,INDEX(Berechnungen!$B$21:$AE$35,5,(F27+1)),"")} -> 0 | K28: {=IF(F28<=Nutzungsjahre,INDEX(Berechnungen!$B$21:$AE$35,8,(F27+1)),"")} -> -2018.8025 | L28: {=IF(F28<=Nutzungsjahre,INDEX(Berechnungen!$B$21:$AE$35,9,(F27+1)),"")} -> 20188.025 | M28: {=IF(F28<=Nutzungsjahre,INDEX(Berechnungen!$B$21:$AE$35,10,(F27+1)),"")} -> 0 | N28: {=IF(F28<=Nutzungsjahre,INDEX(Berechnungen!$B$21:$AE$35,11,(F27+1)),"")} -> 0 | O28: {=IF(F28<=Nutzungsjahre,INDEX(Berechnungen!$B$21:$AE$35,12,(F27+1)),"")} -> 10554.219 | P28: {=IF(F28<=Nutzungsjahre,INDEX(Berechnungen!$B$21:$AE$35,14,(F27+1)),"")} -> 94052.645 | Q28: {=IF(F28<=Nutzungsjahre,INDEX(Berechnungen!$B$21:$AE$35,1,(F27+1)),"")} -> 42000
F29: =Berechnungen!R16 -> 17 | G29: {=IF(F29<=Nutzungsjahre,INDEX(Berechnungen!$B$21:$AE$35,4,(F28+1)),"")} -> -3000 | H29: {=IF(F29<=Nutzungsjahre,INDEX(Berechnungen!$B$21:$AE$35,6,(F28+1)),"")} -> -4557.3663 | I29: {=IF(F29<=Nutzungsjahre,INDEX(Berechnungen!$B$21:$AE$35,7,(F28+1)),"")} -> -3191.1836 | J29: {=IF(F29<=Nutzungsjahre,INDEX(Berechnungen!$B$21:$AE$35,5,(F28+1)),"")} -> 0 | K29: {=IF(F29<=Nutzungsjahre,INDEX(Berechnungen!$B$21:$AE$35,8,(F28+1)),"")} -> -2059.1786 | L29: {=IF(F29<=Nutzungsjahre,INDEX(Berechnungen!$B$21:$AE$35,9,(F28+1)),"")} -> 20591.786 | M29: {=IF(F29<=Nutzungsjahre,INDEX(Berechnungen!$B$21:$AE$35,10,(F28+1)),"")} -> 0 | N29: {=IF(F29<=Nutzungsjahre,INDEX(Berechnungen!$B$21:$AE$35,11,(F28+1)),"")} -> 0 | O29: {=IF(F29<=Nutzungsjahre,INDEX(Berechnungen!$B$21:$AE$35,12,(F28+1)),"")} -> 10784.057 | P29: {=IF(F29<=Nutzungsjahre,INDEX(Berechnungen!$B$21:$AE$35,14,(F28+1)),"")} -> 101754.21 | Q29: {=IF(F29<=Nutzungsjahre,INDEX(Berechnungen!$B$21:$AE$35,1,(F28+1)),"")} -> 39000
A30: Einstufung nach der Kapitalwertmethode: | B30: =IF(B25>0,"vorteilhaft","nicht vorteilhaft") -> vorteilhaft | F30: =Berechnungen!S16 -> 18 | G30: {=IF(F30<=Nutzungsjahre,INDEX(Berechnungen!$B$21:$AE$35,4,(F29+1)),"")} -> -3000 | H30: {=IF(F30<=Nutzungsjahre,INDEX(Berechnungen!$B$21:$AE$35,6,(F29+1)),"")} -> -4694.0873 | I30: {=IF(F30<=Nutzungsjahre,INDEX(Berechnungen!$B$21:$AE$35,7,(F29+1)),"")} -> -3192.0072 | J30: {=IF(F30<=Nutzungsjahre,INDEX(Berechnungen!$B$21:$AE$35,5,(F29+1)),"")} -> 0 | K30: {=IF(F30<=Nutzungsjahre,INDEX(Berechnungen!$B$21:$AE$35,8,(F29+1)),"")} -> -2100.3621 | L30: {=IF(F30<=Nutzungsjahre,INDEX(Berechnungen!$B$21:$AE$35,9,(F29+1)),"")} -> 21003.621 | M30: {=IF(F30<=Nutzungsjahre,INDEX(Berechnungen!$B$21:$AE$35,10,(F29+1)),"")} -> 0 | N30: {=IF(F30<=Nutzungsjahre,INDEX(Berechnungen!$B$21:$AE$35,11,(F29+1)),"")} -> 0 | O30: {=IF(F30<=Nutzungsjahre,INDEX(Berechnungen!$B$21:$AE$35,12,(F29+1)),"")} -> 11017.165 | P30: {=IF(F30<=Nutzungsjahre,INDEX(Berechnungen!$B$21:$AE$35,14,(F29+1)),"")} -> 109467.99 | Q30: {=IF(F30<=Nutzungsjahre,INDEX(Berechnungen!$B$21:$AE$35,1,(F29+1)),"")} -> 36000
A31: Einstufung nach der statischen Amortisationszeit: | B31: =IF(B26<B22,"vorteilhaft","nicht vorteilhaft") -> vorteilhaft | F31: =Berechnungen!T16 -> 19 | G31: {=IF(F31<=Nutzungsjahre,INDEX(Berechnungen!$B$21:$AE$35,4,(F30+1)),"")} -> -3000 | H31: {=IF(F31<=Nutzungsjahre,INDEX(Berechnungen!$B$21:$AE$35,6,(F30+1)),"")} -> -4834.9099 | I31: {=IF(F31<=Nutzungsjahre,INDEX(Berechnungen!$B$21:$AE$35,7,(F30+1)),"")} -> -3192.8474 | J31: {=IF(F31<=Nutzungsjahre,INDEX(Berechnungen!$B$21:$AE$35,5,(F30+1)),"")} -> 0 | K31: {=IF(F31<=Nutzungsjahre,INDEX(Berechnungen!$B$21:$AE$35,8,(F30+1)),"")} -> -2142.3694 | L31: {=IF(F31<=Nutzungsjahre,INDEX(Berechnungen!$B$21:$AE$35,9,(F30+1)),"")} -> 21423.694 | M31: {=IF(F31<=Nutzungsjahre,INDEX(Berechnungen!$B$21:$AE$35,10,(F30+1)),"")} -> 0 | N31: {=IF(F31<=Nutzungsjahre,INDEX(Berechnungen!$B$21:$AE$35,11,(F30+1)),"")} -> 0 | O31: {=IF(F31<=Nutzungsjahre,INDEX(Berechnungen!$B$21:$AE$35,12,(F30+1)),"")} -> 11253.567 | P31: {=IF(F31<=Nutzungsjahre,INDEX(Berechnungen!$B$21:$AE$35,14,(F30+1)),"")} -> 117192.78 | Q31: {=IF(F31<=Nutzungsjahre,INDEX(Berechnungen!$B$21:$AE$35,1,(F30+1)),"")} -> 33000
A32: Einstufung nach der dynamischen Amortisationszeit: | B32: =IF(B27<B22,"vorteilhaft","nicht vorteilhaft") -> vorteilhaft | F32: =Berechnungen!U16 -> 20 | G32: {=IF(F32<=Nutzungsjahre,INDEX(Berechnungen!$B$21:$AE$35,4,(F31+1)),"")} -> -3000 | H32: {=IF(F32<=Nutzungsjahre,INDEX(Berechnungen!$B$21:$AE$35,6,(F31+1)),"")} -> -4979.9572 | I32: {=IF(F32<=Nutzungsjahre,INDEX(Berechnungen!$B$21:$AE$35,7,(F31+1)),"")} -> -3193.7043 | J32: {=IF(F32<=Nutzungsjahre,INDEX(Berechnungen!$B$21:$AE$35,5,(F31+1)),"")} -> 0 | K32: {=IF(F32<=Nutzungsjahre,INDEX(Berechnungen!$B$21:$AE$35,8,(F31+1)),"")} -> -2185.2168 | L32: {=IF(F32<=Nutzungsjahre,INDEX(Berechnungen!$B$21:$AE$35,9,(F31+1)),"")} -> 21852.168 | M32: {=IF(F32<=Nutzungsjahre,INDEX(Berechnungen!$B$21:$AE$35,10,(F31+1)),"")} -> 0 | N32: {=IF(F32<=Nutzungsjahre,INDEX(Berechnungen!$B$21:$AE$35,11,(F31+1)),"")} -> 0 | O32: {=IF(F32<=Nutzungsjahre,INDEX(Berechnungen!$B$21:$AE$35,12,(F31+1)),"")} -> 11493.289 | P32: {=IF(F32<=Nutzungsjahre,INDEX(Berechnungen!$B$21:$AE$35,14,(F31+1)),"")} -> 124927.43 | Q32: {=IF(F32<=Nutzungsjahre,INDEX(Berechnungen!$B$21:$AE$35,1,(F31+1)),"")} -> 30000
F33: =Berechnungen!V16 -> 21 | G33: {=IF(F33<=Nutzungsjahre,INDEX(Berechnungen!$B$21:$AE$35,4,(F32+1)),"")} -> -3000 | H33: {=IF(F33<=Nutzungsjahre,INDEX(Berechnungen!$B$21:$AE$35,6,(F32+1)),"")} -> -5129.3559 | I33: {=IF(F33<=Nutzungsjahre,INDEX(Berechnungen!$B$21:$AE$35,7,(F32+1)),"")} -> -3194.5784 | J33: {=IF(F33<=Nutzungsjahre,INDEX(Berechnungen!$B$21:$AE$35,5,(F32+1)),"")} -> 0 | K33: {=IF(F33<=Nutzungsjahre,INDEX(Berechnungen!$B$21:$AE$35,8,(F32+1)),"")} -> -2228.9211 | L33: {=IF(F33<=Nutzungsjahre,INDEX(Berechnungen!$B$21:$AE$35,9,(F32+1)),"")} -> 22289.211 | M33: {=IF(F33<=Nutzungsjahre,INDEX(Berechnungen!$B$21:$AE$35,10,(F32+1)),"")} -> 0 | N33: {=IF(F33<=Nutzungsjahre,INDEX(Berechnungen!$B$21:$AE$35,11,(F32+1)),"")} -> 0 | O33: {=IF(F33<=Nutzungsjahre,INDEX(Berechnungen!$B$21:$AE$35,12,(F32+1)),"")} -> 11736.356 | P33: {=IF(F33<=Nutzungsjahre,INDEX(Berechnungen!$B$21:$AE$35,14,(F32+1)),"")} -> 132670.8 | Q33: {=IF(F33<=Nutzungsjahre,INDEX(Berechnungen!$B$21:$AE$35,1,(F32+1)),"")} -> 27000
F34: =Berechnungen!W16 -> 22 | G34: {=IF(F34<=Nutzungsjahre,INDEX(Berechnungen!$B$21:$AE$35,4,(F33+1)),"")} -> -3000 | H34: {=IF(F34<=Nutzungsjahre,INDEX(Berechnungen!$B$21:$AE$35,6,(F33+1)),"")} -> -5283.2366 | I34: {=IF(F34<=Nutzungsjahre,INDEX(Berechnungen!$B$21:$AE$35,7,(F33+1)),"")} -> -3195.47 | J34: {=IF(F34<=Nutzungsjahre,INDEX(Berechnungen!$B$21:$AE$35,5,(F33+1)),"")} -> 0 | K34: {=IF(F34<=Nutzungsjahre,INDEX(Berechnungen!$B$21:$AE$35,8,(F33+1)),"")} -> -2273.4995 | L34: {=IF(F34<=Nutzungsjahre,INDEX(Berechnungen!$B$21:$AE$35,9,(F33+1)),"")} -> 22734.995 | M34: {=IF(F34<=Nutzungsjahre,INDEX(Berechnungen!$B$21:$AE$35,10,(F33+1)),"")} -> 0 | N34: {=IF(F34<=Nutzungsjahre,INDEX(Berechnungen!$B$21:$AE$35,11,(F33+1)),"")} -> 0 | O34: {=IF(F34<=Nutzungsjahre,INDEX(Berechnungen!$B$21:$AE$35,12,(F33+1)),"")} -> 11982.789 | P34: {=IF(F34<=Nutzungsjahre,INDEX(Berechnungen!$B$21:$AE$35,14,(F33+1)),"")} -> 140421.73 | Q34: {=IF(F34<=Nutzungsjahre,INDEX(Berechnungen!$B$21:$AE$35,1,(F33+1)),"")} -> 24000
F35: =Berechnungen!X16 -> 23 | G35: {=IF(F35<=Nutzungsjahre,INDEX(Berechnungen!$B$21:$AE$35,4,(F34+1)),"")} -> -3000 | H35: {=IF(F35<=Nutzungsjahre,INDEX(Berechnungen!$B$21:$AE$35,6,(F34+1)),"")} -> -5441.7337 | I35: {=IF(F35<=Nutzungsjahre,INDEX(Berechnungen!$B$21:$AE$35,7,(F34+1)),"")} -> -3196.3794 | J35: {=IF(F35<=Nutzungsjahre,INDEX(Berechnungen!$B$21:$AE$35,5,(F34+1)),"")} -> 0 | K35: {=IF(F35<=Nutzungsjahre,INDEX(Berechnungen!$B$21:$AE$35,8,(F34+1)),"")} -> -2318.9695 | L35: {=IF(F35<=Nutzungsjahre,INDEX(Berechnungen!$B$21:$AE$35,9,(F34+1)),"")} -> 23189.695 | M35: {=IF(F35<=Nutzungsjahre,INDEX(Berechnungen!$B$21:$AE$35,10,(F34+1)),"")} -> 0 | N35: {=IF(F35<=Nutzungsjahre,INDEX(Berechnungen!$B$21:$AE$35,11,(F34+1)),"")} -> 0 | O35: {=IF(F35<=Nutzungsjahre,INDEX(Berechnungen!$B$21:$AE$35,12,(F34+1)),"")} -> 12232.612 | P35: {=IF(F35<=Nutzungsjahre,INDEX(Berechnungen!$B$21:$AE$35,14,(F34+1)),"")} -> 148179.12 | Q35: {=IF(F35<=Nutzungsjahre,INDEX(Berechnungen!$B$21:$AE$35,1,(F34+1)),"")} -> 21000
F36: =Berechnungen!Y16 -> 24 | G36: {=IF(F36<=Nutzungsjahre,INDEX(Berechnungen!$B$21:$AE$35,4,(F35+1)),"")} -> -3000 | H36: {=IF(F36<=Nutzungsjahre,INDEX(Berechnungen!$B$21:$AE$35,6,(F35+1)),"")} -> -5604.9857 | I36: {=IF(F36<=Nutzungsjahre,INDEX(Berechnungen!$B$21:$AE$35,7,(F35+1)),"")} -> -3197.307 | J36: {=IF(F36<=Nutzungsjahre,INDEX(Berechnungen!$B$21:$AE$35,5,(F35+1)),"")} -> 0 | K36: {=IF(F36<=Nutzungsjahre,INDEX(Berechnungen!$B$21:$AE$35,8,(F35+1)),"")} -> -2365.3489 | L36: {=IF(F36<=Nutzungsjahre,INDEX(Berechnungen!$B$21:$AE$35,9,(F35+1)),"")} -> 23653.489 | M36: {=IF(F36<=Nutzungsjahre,INDEX(Berechnungen!$B$21:$AE$35,10,(F35+1)),"")} -> 0 | N36: {=IF(F36<=Nutzungsjahre,INDEX(Berechnungen!$B$21:$AE$35,11,(F35+1)),"")} -> 0 | O36: {=IF(F36<=Nutzungsjahre,INDEX(Berechnungen!$B$21:$AE$35,12,(F35+1)),"")} -> 12485.847 | P36: {=IF(F36<=Nutzungsjahre,INDEX(Berechnungen!$B$21:$AE$35,14,(F35+1)),"")} -> 155941.84 | Q36: {=IF(F36<=Nutzungsjahre,INDEX(Berechnungen!$B$21:$AE$35,1,(F35+1)),"")} -> 18000
F37: =Berechnungen!Z16 -> 25 | G37: {=IF(F37<=Nutzungsjahre,INDEX(Berechnungen!$B$21:$AE$35,4,(F36+1)),"")} -> -3000 | H37: {=IF(F37<=Nutzungsjahre,INDEX(Berechnungen!$B$21:$AE$35,6,(F36+1)),"")} -> -5773.1353 | I37: {=IF(F37<=Nutzungsjahre,INDEX(Berechnungen!$B$21:$AE$35,7,(F36+1)),"")} -> -3198.2531 | J37: {=IF(F37<=Nutzungsjahre,INDEX(Berechnungen!$B$21:$AE$35,5,(F36+1)),"")} -> 0 | K37: {=IF(F37<=Nutzungsjahre,INDEX(Berechnungen!$B$21:$AE$35,8,(F36+1)),"")} -> -2412.6559 | L37: {=IF(F37<=Nutzungsjahre,INDEX(Berechnungen!$B$21:$AE$35,9,(F36+1)),"")} -> 24126.559 | M37: {=IF(F37<=Nutzungsjahre,INDEX(Berechnungen!$B$21:$AE$35,10,(F36+1)),"")} -> 0 | N37: {=IF(F37<=Nutzungsjahre,INDEX(Berechnungen!$B$21:$AE$35,11,(F36+1)),"")} -> 0 | O37: {=IF(F37<=Nutzungsjahre,INDEX(Berechnungen!$B$21:$AE$35,12,(F36+1)),"")} -> 12742.514 | P37: {=IF(F37<=Nutzungsjahre,INDEX(Berechnungen!$B$21:$AE$35,14,(F36+1)),"")} -> 163708.79 | Q37: {=IF(F37<=Nutzungsjahre,INDEX(Berechnungen!$B$21:$AE$35,1,(F36+1)),"")} -> 15000
F38: =Berechnungen!AA16 -> 26 | G38: {=IF(F38<=Nutzungsjahre,INDEX(Berechnungen!$B$21:$AE$35,4,(F37+1)),"")} -> -3000 | H38: {=IF(F38<=Nutzungsjahre,INDEX(Berechnungen!$B$21:$AE$35,6,(F37+1)),"")} -> -5946.3293 | I38: {=IF(F38<=Nutzungsjahre,INDEX(Berechnungen!$B$21:$AE$35,7,(F37+1)),"")} -> -3199.2182 | J38: {=IF(F38<=Nutzungsjahre,INDEX(Berechnungen!$B$21:$AE$35,5,(F37+1)),"")} -> 0 | K38: {=IF(F38<=Nutzungsjahre,INDEX(Berechnungen!$B$21:$AE$35,8,(F37+1)),"")} -> -2460.909 | L38: {=IF(F38<=Nutzungsjahre,INDEX(Berechnungen!$B$21:$AE$35,9,(F37+1)),"")} -> 24609.09 | M38: {=IF(F38<=Nutzungsjahre,INDEX(Berechnungen!$B$21:$AE$35,10,(F37+1)),"")} -> 0 | N38: {=IF(F38<=Nutzungsjahre,INDEX(Berechnungen!$B$21:$AE$35,11,(F37+1)),"")} -> 0 | O38: {=IF(F38<=Nutzungsjahre,INDEX(Berechnungen!$B$21:$AE$35,12,(F37+1)),"")} -> 13002.633 | P38: {=IF(F38<=Nutzungsjahre,INDEX(Berechnungen!$B$21:$AE$35,14,(F37+1)),"")} -> 171478.9 | Q38: {=IF(F38<=Nutzungsjahre,INDEX(Berechnungen!$B$21:$AE$35,1,(F37+1)),"")} -> 12000
F39: =Berechnungen!AB16 -> 27 | G39: {=IF(F39<=Nutzungsjahre,INDEX(Berechnungen!$B$21:$AE$35,4,(F38+1)),"")} -> -3000 | H39: {=IF(F39<=Nutzungsjahre,INDEX(Berechnungen!$B$21:$AE$35,6,(F38+1)),"")} -> -6124.7192 | I39: {=IF(F39<=Nutzungsjahre,INDEX(Berechnungen!$B$21:$AE$35,7,(F38+1)),"")} -> -3200.2025 | J39: {=IF(F39<=Nutzungsjahre,INDEX(Berechnungen!$B$21:$AE$35,5,(F38+1)),"")} -> 0 | K39: {=IF(F39<=Nutzungsjahre,INDEX(Berechnungen!$B$21:$AE$35,8,(F38+1)),"")} -> -2510.1272 | L39: {=IF(F39<=Nutzungsjahre,INDEX(Berechnungen!$B$21:$AE$35,9,(F38+1)),"")} -> 25101.272 | M39: {=IF(F39<=Nutzungsjahre,INDEX(Berechnungen!$B$21:$AE$35,10,(F38+1)),"")} -> 0 | N39: {=IF(F39<=Nutzungsjahre,INDEX(Berechnungen!$B$21:$AE$35,11,(F38+1)),"")} -> 0 | O39: {=IF(F39<=Nutzungsjahre,INDEX(Berechnungen!$B$21:$AE$35,12,(F38+1)),"")} -> 13266.223 | P39: {=IF(F39<=Nutzungsjahre,INDEX(Berechnungen!$B$21:$AE$35,14,(F38+1)),"")} -> 179251.07 | Q39: {=IF(F39<=Nutzungsjahre,INDEX(Berechnungen!$B$21:$AE$35,1,(F38+1)),"")} -> 9000
F40: =Berechnungen!AC16 -> 28 | G40: {=IF(F40<=Nutzungsjahre,INDEX(Berechnungen!$B$21:$AE$35,4,(F39+1)),"")} -> -3000 | H40: {=IF(F40<=Nutzungsjahre,INDEX(Berechnungen!$B$21:$AE$35,6,(F39+1)),"")} -> -6308.4608 | I40: {=IF(F40<=Nutzungsjahre,INDEX(Berechnungen!$B$21:$AE$35,7,(F39+1)),"")} -> -3201.2066 | J40: {=IF(F40<=Nutzungsjahre,INDEX(Berechnungen!$B$21:$AE$35,5,(F39+1)),"")} -> 0 | K40: {=IF(F40<=Nutzungsjahre,INDEX(Berechnungen!$B$21:$AE$35,8,(F39+1)),"")} -> -2560.3297 | L40: {=IF(F40<=Nutzungsjahre,INDEX(Berechnungen!$B$21:$AE$35,9,(F39+1)),"")} -> 25603.297 | M40: {=IF(F40<=Nutzungsjahre,INDEX(Berechnungen!$B$21:$AE$35,10,(F39+1)),"")} -> 0 | N40: {=IF(F40<=Nutzungsjahre,INDEX(Berechnungen!$B$21:$AE$35,11,(F39+1)),"")} -> 0 | O40: {=IF(F40<=Nutzungsjahre,INDEX(Berechnungen!$B$21:$AE$35,12,(F39+1)),"")} -> 13533.3 | P40: {=IF(F40<=Nutzungsjahre,INDEX(Berechnungen!$B$21:$AE$35,14,(F39+1)),"")} -> 187024.26 | Q40: {=IF(F40<=Nutzungsjahre,INDEX(Berechnungen!$B$21:$AE$35,1,(F39+1)),"")} -> 6000
F41: =Berechnungen!AD16 -> 29 | G41: {=IF(F41<=Nutzungsjahre,INDEX(Berechnungen!$B$21:$AE$35,4,(F40+1)),"")} -> -3000 | H41: {=IF(F41<=Nutzungsjahre,INDEX(Berechnungen!$B$21:$AE$35,6,(F40+1)),"")} -> -6497.7146 | I41: {=IF(F41<=Nutzungsjahre,INDEX(Berechnungen!$B$21:$AE$35,7,(F40+1)),"")} -> -3202.2307 | J41: {=IF(F41<=Nutzungsjahre,INDEX(Berechnungen!$B$21:$AE$35,5,(F40+1)),"")} -> 0 | K41: {=IF(F41<=Nutzungsjahre,INDEX(Berechnungen!$B$21:$AE$35,8,(F40+1)),"")} -> -2611.5363 | L41: {=IF(F41<=Nutzungsjahre,INDEX(Berechnungen!$B$21:$AE$35,9,(F40+1)),"")} -> 26115.363 | M41: {=IF(F41<=Nutzungsjahre,INDEX(Berechnungen!$B$21:$AE$35,10,(F40+1)),"")} -> 0 | N41: {=IF(F41<=Nutzungsjahre,INDEX(Berechnungen!$B$21:$AE$35,11,(F40+1)),"")} -> 0 | O41: {=IF(F41<=Nutzungsjahre,INDEX(Berechnungen!$B$21:$AE$35,12,(F40+1)),"")} -> 13803.881 | P41: {=IF(F41<=Nutzungsjahre,INDEX(Berechnungen!$B$21:$AE$35,14,(F40+1)),"")} -> 194797.39 | Q41: {=IF(F41<=Nutzungsjahre,INDEX(Berechnungen!$B$21:$AE$35,1,(F40+1)),"")} -> 3000
F42: =Berechnungen!AE16 -> 30 | G42: {=IF(F42<=Nutzungsjahre,INDEX(Berechnungen!$B$21:$AE$35,4,(F41+1)),"")} -> -3000 | H42: {=IF(F42<=Nutzungsjahre,INDEX(Berechnungen!$B$21:$AE$35,6,(F41+1)),"")} -> -6692.646 | I42: {=IF(F42<=Nutzungsjahre,INDEX(Berechnungen!$B$21:$AE$35,7,(F41+1)),"")} -> -3203.2753 | J42: {=IF(F42<=Nutzungsjahre,INDEX(Berechnungen!$B$21:$AE$35,5,(F41+1)),"")} -> 0 | K42: {=IF(F42<=Nutzungsjahre,INDEX(Berechnungen!$B$21:$AE$35,8,(F41+1)),"")} -> -2663.767 | L42: {=IF(F42<=Nutzungsjahre,INDEX(Berechnungen!$B$21:$AE$35,9,(F41+1)),"")} -> 26637.67 | M42: {=IF(F42<=Nutzungsjahre,INDEX(Berechnungen!$B$21:$AE$35,10,(F41+1)),"")} -> 0 | N42: {=IF(F42<=Nutzungsjahre,INDEX(Berechnungen!$B$21:$AE$35,11,(F41+1)),"")} -> 0 | O42: {=IF(F42<=Nutzungsjahre,INDEX(Berechnungen!$B$21:$AE$35,12,(F41+1)),"")} -> 14077.982 | P42: {=IF(F42<=Nutzungsjahre,INDEX(Berechnungen!$B$21:$AE$35,14,(F41+1)),"")} -> 202569.44 | Q42: {=IF(F42<=Nutzungsjahre,INDEX(Berechnungen!$B$21:$AE$35,1,(F41+1)),"")} -> 0

Sheet Berechnungen
A1: diese Seite gilt nur den Berechnungen der Parameter und Endergebnisse
A3: Bedarfsgebundene Kosten | B3: =-(Wärme+Kälte+Strom+Gas+Wasser) -> -2840
A4: Wärme | B4: =VerbrauchWärme*PreisWärme -> 120
A5: Kälte | B5: =VerbrauchKälte*PreisKälte -> 100
A6: Strom | B6: =VerbrauchStrom*PreisStrom -> 1800
A7: Gas | B7: =VerbrauchGas*PreisGas -> 600
A8: Wasser | B8: =VerbrauchWasser*PreisWasser -> 220
A10: Betriebsgebundenen Kosten | B10: {=WartungInspektion+Lohn} -> -3180
A11: Wartung/Inspektion | B11: =-KapitalgebundeneKosten*(FaktorInstandsetzung+FaktorWartung) -> -3150
A12: Lohn | B12: =-Arbeitsstunden*Stundenlohn -> -30
A14: Lin. Abschr. | B14: =-KapitalgebundeneKosten/Nutzungsjahre -> -3000
A16: Jahre | B16: =IF(Nutzungsjahre>=1,1,"") -> 1 | C16: =IF(B16<Nutzungsjahre,B16+1,"") -> 2 | D16: =IF(C16<Nutzungsjahre,C16+1,"") -> 3 | E16: =IF(D16<Nutzungsjahre,D16+1,"") -> 4 | F16: =IF(E16<Nutzungsjahre,E16+1,"") -> 5 | G16: =IF(F16<Nutzungsjahre,F16+1,"") -> 6 | H16: =IF(G16<Nutzungsjahre,G16+1,"") -> 7 | I16: =IF(H16<Nutzungsjahre,H16+1,"") -> 8 | J16: =IF(I16<Nutzungsjahre,I16+1,"") -> 9 | ... AE16: =IF(AD16<Nutzungsjahre,AD16+1,"") -> 30
A17: Anlagevermögen
A18: Stand am 1.1 | B18: =IF(B16<=Nutzungsjahre,0,"") -> 0 | C18: =IF(C16<=Nutzungsjahre,B21,"") -> 87000 | D18: =IF(D16<=Nutzungsjahre,C21,"") -> 84000 | E18: =IF(E16<=Nutzungsjahre,D21,"") -> 81000 | F18: =IF(F16<=Nutzungsjahre,E21,"") -> 78000 | G18: =IF(G16<=Nutzungsjahre,F21,"") -> 75000 | H18: =IF(H16<=Nutzungsjahre,G21,"") -> 72000 | I18: =IF(I16<=Nutzungsjahre,H21,"") -> 69000 | J18: =IF(J16<=Nutzungsjahre,I21,"") -> 66000 | ... AE18: =IF(AE16<=Nutzungsjahre,AD21,"") -> 3000
A19: Investitionen | B19: =KapitalgebundeneKosten+Restwert -> 90000 | C19: =IF(C16<=Nutzungsjahre,0,"") -> 0 | D19: =IF(D16<=Nutzungsjahre,0,"") -> 0 | E19: =IF(E16<=Nutzungsjahre,0,"") -> 0 | F19: =IF(F16<=Nutzungsjahre,0,"") -> 0 | G19: =IF(G16<=Nutzungsjahre,0,"") -> 0 | H19: =IF(H16<=Nutzungsjahre,0,"") -> 0 | I19: =IF(I16<=Nutzungsjahre,0,"") -> 0 | J19: =IF(J16<=Nutzungsjahre,0,"") -> 0 | ... AE19: =IF(AE16<=Nutzungsjahre,0,"") -> 0
A20: Abschreibungen | B20: =IF(B16<=Nutzungsjahre,Abschreibunglinear,"") -> -3000 | C20: =IF(C16<=Nutzungsjahre,Abschreibunglinear,"") -> -3000 | D20: =IF(D16<=Nutzungsjahre,Abschreibunglinear,"") -> -3000 | E20: =IF(E16<=Nutzungsjahre,Abschreibunglinear,"") -> -3000 | F20: =IF(F16<=Nutzungsjahre,Abschreibunglinear,"") -> -3000 | G20: =IF(G16<=Nutzungsjahre,Abschreibunglinear,"") -> -3000 | H20: =IF(H16<=Nutzungsjahre,Abschreibunglinear,"") -> -3000 | I20: =IF(I16<=Nutzungsjahre,Abschreibunglinear,"") -> -3000 | ... AE20: =IF(AE16<=Nutzungsjahre,Abschreibunglinear,"") -> -3000
A21: Stand am 31.12 | B21: =IF(B16<=Nutzungsjahre,B19+B20,"") -> 87000 | C21: =IF(C16<=Nutzungsjahre,C18+C20,"") -> 84000 | D21: =IF(D16<=Nutzungsjahre,D18+D20,"") -> 81000 | E21: =IF(E16<=Nutzungsjahre,E18+E20,"") -> 78000 | F21: =IF(F16<=Nutzungsjahre,F18+F20,"") -> 75000 | G21: =IF(G16<=Nutzungsjahre,G18+G20,"") -> 72000 | H21: =IF(H16<=Nutzungsjahre,H18+H20,"") -> 69000 | I21: =IF(I16<=Nutzungsjahre,I18+I20,"") -> 66000 | J21: =IF(J16<=Nutzungsjahre,J18+J20,"") -> 63000 | ... AE21: =IF(AE16<=Nutzungsjahre,AE18+AE20,"") -> 0
A24: Kapitalgebundene | B24: =IF(B16<=Nutzungsjahre,Abschreibunglinear,"") -> -3000 | C24: =IF(C16<=Nutzungsjahre,Abschreibunglinear,"") -> -3000 | D24: =IF(D16<=Nutzungsjahre,Abschreibunglinear,"") -> -3000 | E24: =IF(E16<=Nutzungsjahre,Abschreibunglinear,"") -> -3000 | F24: =IF(F16<=Nutzungsjahre,Abschreibunglinear,"") -> -3000 | G24: =IF(G16<=Nutzungsjahre,Abschreibunglinear,"") -> -3000 | H24: =IF(H16<=Nutzungsjahre,Abschreibunglinear,"") -> -3000 | I24: =IF(I16<=Nutzungsjahre,Abschreibunglinear,"") -> -3000 | ... AE24: =IF(AE16<=Nutzungsjahre,Abschreibunglinear,"") -> -3000
A25: Ersatzbeschaffung | B25: =IF(B16<=Nutzungsjahre,IF(JahrErsatzbeschaffung1=Berechnungen!B16,-Ersatzbeschaffung1,IF(JahrErsatzbeschaffung2=Berechnungen!B16,-Ersatzbeschaffung2,0)),"") -> 0 | C25: =IF(C16<=Nutzungsjahre,IF(JahrErsatzbeschaffung1=Berechnungen!C16,-Ersatzbeschaffung1,IF(JahrErsatzbeschaffung2=Berechnungen!C16,-Ersatzbeschaffung2,0)),"") -> 0 | D25: =IF(D16<=Nutzungsjahre,IF(JahrErsatzbeschaffung1=Berechnungen!D16,-Ersatzbeschaffung1,IF(JahrErsatzbeschaffung2=Berechnungen!D16,-Ersatzbeschaffung2,0)),"") -> 0 | E25: =IF(E16<=Nutzungsjahre,IF(JahrErsatzbeschaffung1=Berechnungen!E16,-Ersatzbeschaffung1,IF(JahrErsatzbeschaffung2=Berechnungen!E16,-Ersatzbeschaffung2,0)),"") -> 0 | F25: =IF(F16<=Nutzungsjahre,IF(JahrErsatzbeschaffung1=Berechnungen!F16,-Ersatzbeschaffung1,IF(JahrErsatzbeschaffung2=Berechnungen!F16,-Ersatzbeschaffung2,0)),"") -> -20000 | G25: =IF(G16<=Nutzungsjahre,IF(JahrErsatzbeschaffung1=Berechnungen!G16,-Ersatzbeschaffung1,IF(JahrErsatzbeschaffung2=Berechnungen!G16,-Ersatzbeschaffung2,0)),"") -> 0 | H25: =IF(H16<=Nutzungsjahre,IF(JahrErsatzbeschaffung1=Berechnungen!H16,-Ersatzbeschaffung1,IF(JahrErsatzbeschaffung2=Berechnungen!H16,-Ersatzbeschaffung2,0)),"") -> 0 | I25: =IF(I16<=Nutzungsjahre,IF(JahrErsatzbeschaffung1=Berechnungen!I16,-Ersatzbeschaffung1,IF(JahrErsatzbeschaffung2=Berechnungen!I16,-Ersatzbeschaffung2,0)),"") -> 0 | ... AE25: =IF(AE16<=Nutzungsjahre,IF(JahrErsatzbeschaffung1=Berechnungen!AE16,-Ersatzbeschaffung1,IF(JahrErsatzbeschaffung2=Berechnungen!AE16,-Ersatzbeschaffung2,0)),"") -> 0
A26: Bedarfsgebunden | B26: =IF(B16<=Nutzungsjahre,BedarfsgebundeneKosten,"") -> -2840 | C26: =IF(C16<=Nutzungsjahre,(B26*(1+FaktorEnergie)),"") -> -2925.2 | D26: =IF(D16<=Nutzungsjahre,(C26*(1+FaktorEnergie)),"") -> -3012.956 | E26: =IF(E16<=Nutzungsjahre,(D26*(1+FaktorEnergie)),"") -> -3103.3447 | F26: =IF(F16<=Nutzungsjahre,(E26*(1+FaktorEnergie)),"") -> -3196.445 | G26: =IF(G16<=Nutzungsjahre,(F26*(1+FaktorEnergie)),"") -> -3292.3384 | H26: =IF(H16<=Nutzungsjahre,(G26*(1+FaktorEnergie)),"") -> -3391.1085 | I26: =IF(I16<=Nutzungsjahre,(H26*(1+FaktorEnergie)),"") -> -3492.8418 | J26: =IF(J16<=Nutzungsjahre,(I26*(1+FaktorEnergie)),"") -> -3597.627 | ... AE26: =IF(AE16<=Nutzungsjahre,(AD26*(1+FaktorEnergie)),"") -> -6692.646
A27: Betriebsgebunden | B27: =IF(B16<=Nutzungsjahre,BetriebsgebundeneKosten,"") -> -3180 | C27: =IF(C16<=Nutzungsjahre,(WartungInspektion+(Lohn*(1+Lohnerhöhung))),"") -> -3180.6 | D27: =IF(D16<=Nutzungsjahre,(WartungInspektion+(Lohn*(1+Lohnerhöhung)^C16)),"") -> -3181.212 | E27: =IF(E16<=Nutzungsjahre,(WartungInspektion+(Lohn*(1+Lohnerhöhung)^D16)),"") -> -3181.8362 | F27: =IF(F16<=Nutzungsjahre,(WartungInspektion+(Lohn*(1+Lohnerhöhung)^E16)),"") -> -3182.473 | G27: =IF(G16<=Nutzungsjahre,(WartungInspektion+(Lohn*(1+Lohnerhöhung)^F16)),"") -> -3183.1224 | H27: =IF(H16<=Nutzungsjahre,(WartungInspektion+(Lohn*(1+Lohnerhöhung)^G16)),"") -> -3183.7849 | I27: =IF(I16<=Nutzungsjahre,(WartungInspektion+(Lohn*(1+Lohnerhöhung)^H16)),"") -> -3184.4606 | J27: =IF(J16<=Nutzungsjahre,(WartungInspektion+(Lohn*(1+Lohnerhöhung)^I16)),"") -> -3185.1498 | K27: =IF(K16<=Nutzungsjahre,(WartungInspektion+(Lohn*(1+Lohnerhöhung)^J16)),"") -> -3185.8528 | ... AE27: =IF(AE16<=Nutzungsjahre,(WartungInspektion+(Lohn*(1+Lohnerhöhung)^AD16)),"") -> -3203.2753
A28: Sonstige Kosten | B28: =IF(B16<=Nutzungsjahre,-SonstigeKosten,"") -> -1500 | C28: =IF(C16<=Nutzungsjahre,B28*(1+FaktorSonstigeKosten),"") -> -1530 | D28: =IF(D16<=Nutzungsjahre,C28*(1+FaktorSonstigeKosten),"") -> -1560.6 | E28: =IF(E16<=Nutzungsjahre,D28*(1+FaktorSonstigeKosten),"") -> -1591.812 | F28: =IF(F16<=Nutzungsjahre,E28*(1+FaktorSonstigeKosten),"") -> -1623.6482 | G28: =IF(G16<=Nutzungsjahre,F28*(1+FaktorSonstigeKosten),"") -> -1656.1212 | H28: =IF(H16<=Nutzungsjahre,G28*(1+FaktorSonstigeKosten),"") -> -1689.2436 | I28: =IF(I16<=Nutzungsjahre,H28*(1+FaktorSonstigeKosten),"") -> -1723.0285 | J28: =IF(J16<=Nutzungsjahre,I28*(1+FaktorSonstigeKosten),"") -> -1757.4891 | ... AE28: =IF(AE16<=Nutzungsjahre,AD28*(1+FaktorSonstigeKosten),"") -> -2663.767
A29: Erlöse | B29: =IF(B16<=Nutzungsjahre,jährlicherErlös,"") -> 15000 | C29: =IF(C16<=Nutzungsjahre,B29*(1+FaktorErlöse),"") -> 15300 | D29: =IF(D16<=Nutzungsjahre,C29*(1+FaktorErlöse),"") -> 15606 | E29: =IF(E16<=Nutzungsjahre,D29*(1+FaktorErlöse),"") -> 15918.12 | F29: =IF(F16<=Nutzungsjahre,E29*(1+FaktorErlöse),"") -> 16236.482 | G29: =IF(G16<=Nutzungsjahre,F29*(1+FaktorErlöse),"") -> 16561.212 | H29: =IF(H16<=Nutzungsjahre,G29*(1+FaktorErlöse),"") -> 16892.436 | I29: =IF(I16<=Nutzungsjahre,H29*(1+FaktorErlöse),"") -> 17230.285 | J29: =IF(J16<=Nutzungsjahre,I29*(1+FaktorErlöse),"") -> 17574.891 | ... AE29: =IF(AE16<=Nutzungsjahre,AD29*(1+FaktorErlöse),"") -> 26637.67
A30: Förderung | B30: =IF(B16<=Nutzungsjahre,IF(B16<=LaufzeitFörderung,Förderung,0),"") -> 10000 | C30: =IF(C16<=Nutzungsjahre,IF(C16<=LaufzeitFörderung,Förderung,0),"") -> 10000 | D30: =IF(D16<=Nutzungsjahre,IF(D16<=LaufzeitFörderung,Förderung,0),"") -> 10000 | E30: =IF(E16<=Nutzungsjahre,IF(E16<=LaufzeitFörderung,Förderung,0),"") -> 10000 | F30: =IF(F16<=Nutzungsjahre,IF(F16<=LaufzeitFörderung,Förderung,0),"") -> 10000 | G30: =IF(G16<=Nutzungsjahre,IF(G16<=LaufzeitFörderung,Förderung,0),"") -> 10000 | H30: =IF(H16<=Nutzungsjahre,IF(H16<=LaufzeitFörderung,Förderung,0),"") -> 10000 | I30: =IF(I16<=Nutzungsjahre,IF(I16<=LaufzeitFörderung,Förderung,0),"") -> 10000 | ... AE30: =IF(AE16<=Nutzungsjahre,IF(AE16<=LaufzeitFörderung,Förderung,0),"") -> 0
A31: Restwert | B31: =IF(B16<=Nutzungsjahre,IF(B16=Nutzungsjahre,Restwert,0),"") -> 0 | C31: =IF(C16<=Nutzungsjahre,IF(C16=Nutzungsjahre,Restwert,0),"") -> 0 | D31: =IF(D16<=Nutzungsjahre,IF(D16=Nutzungsjahre,Restwert,0),"") -> 0 | E31: =IF(E16<=Nutzungsjahre,IF(E16=Nutzungsjahre,Restwert,0),"") -> 0 | F31: =IF(F16<=Nutzungsjahre,IF(F16=Nutzungsjahre,Restwert,0),"") -> 0 | G31: =IF(G16<=Nutzungsjahre,IF(G16=Nutzungsjahre,Restwert,0),"") -> 0 | H31: =IF(H16<=Nutzungsjahre,IF(H16=Nutzungsjahre,Restwert,0),"") -> 0 | I31: =IF(I16<=Nutzungsjahre,IF(I16=Nutzungsjahre,Restwert,0),"") -> 0 | ... AE31: =IF(AE16<=Nutzungsjahre,IF(AE16=Nutzungsjahre,Restwert,0),"") -> 0
A32: Saldo | B32: =IF(B16<=Nutzungsjahre,SUM(B25:B31),"") -> 17480 | C32: =IF(C16<=Nutzungsjahre,SUM(C25:C31),"") -> 17664.2 | D32: =IF(D16<=Nutzungsjahre,SUM(D25:D31),"") -> 17851.232 | E32: =IF(E16<=Nutzungsjahre,SUM(E25:E31),"") -> 18041.127 | F32: =IF(F16<=Nutzungsjahre,SUM(F25:F31),"") -> -1766.0838 | G32: =IF(G16<=Nutzungsjahre,SUM(G25:G31),"") -> 18429.63 | H32: =IF(H16<=Nutzungsjahre,SUM(H25:H31),"") -> 18628.299 | I32: =IF(I16<=Nutzungsjahre,SUM(I25:I31),"") -> 18829.954 | ... AE32: =IF(AE16<=Nutzungsjahre,SUM(AE25:AE31),"") -> 14077.982
A33: Saldo verzinst | B33: =IF(B16<=Nutzungsjahre,B32*((1+Abzinsungsfaktor)^-B16),"") -> 17137.255 | C33: =IF(C16<=Nutzungsjahre,C32*((1+Abzinsungsfaktor)^-C16),"") -> 16978.278 | D33: =IF(D16<=Nutzungsjahre,D32*((1+Abzinsungsfaktor)^-D16),"") -> 16821.615 | E33: =IF(E16<=Nutzungsjahre,E32*((1+Abzinsungsfaktor)^-E16),"") -> 16667.213 | F33: =IF(F16<=Nutzungsjahre,F32*((1+Abzinsungsfaktor)^-F16),"") -> -1599.5965 | G33: =IF(G16<=Nutzungsjahre,G32*((1+Abzinsungsfaktor)^-G16),"") -> 16364.984 | H33: =IF(H16<=Nutzungsjahre,H32*((1+Abzinsungsfaktor)^-H16),"") -> 16217.056 | I33: =IF(I16<=Nutzungsjahre,I32*((1+Abzinsungsfaktor)^-I16),"") -> 16071.185 | ... AE33: =IF(AE16<=Nutzungsjahre,AE32*((1+Abzinsungsfaktor)^-AE16),"") -> 7772.044
A34: Dynamische Amortisationszeit | B34: =IF(B16<=Nutzungsjahre,-KapitalgebundeneKosten+B33,"") -> -72862.745 | C34: =IF(C16<=Nutzungsjahre,B34+C33,"") -> -55884.468 | D34: =IF(D16<=Nutzungsjahre,C34+D33,"") -> -39062.853 | E34: =IF(E16<=Nutzungsjahre,D34+E33,"") -> -22395.64 | F34: =IF(F16<=Nutzungsjahre,E34+F33,"") -> -23995.237 | G34: =IF(G16<=Nutzungsjahre,F34+G33,"") -> -7630.2526 | H34: =IF(H16<=Nutzungsjahre,G34+H33,"") -> 8586.8029 | I34: =IF(I16<=Nutzungsjahre,H34+I33,"") -> 24657.987 | J34: =IF(J16<=Nutzungsjahre,I34+J33,"") -> 40585.31 | ... AE34: =IF(AE16<=Nutzungsjahre,AD34+AE33,"") -> 202569.44
A35: Kapitalwert | B35: =IF(B16<=Nutzungsjahre,B33+Abschreibunglinear,"") -> 14137.255 | C35: =IF(C16<=Nutzungsjahre,C33+Abschreibunglinear,"") -> 13978.278 | D35: =IF(D16<=Nutzungsjahre,D33+Abschreibunglinear,"") -> 13821.615 | E35: =IF(E16<=Nutzungsjahre,E33+Abschreibunglinear,"") -> 13667.213 | F35: =IF(F16<=Nutzungsjahre,F33+Abschreibunglinear,"") -> -4599.5965 | G35: =IF(G16<=Nutzungsjahre,G33+Abschreibunglinear,"") -> 13364.984 | H35: =IF(H16<=Nutzungsjahre,H33+Abschreibunglinear,"") -> 13217.056 | I35: =IF(I16<=Nutzungsjahre,I33+Abschreibunglinear,"") -> 13071.185 | ... AE35: =IF(AE16<=Nutzungsjahre,AE33+Abschreibunglinear,"") -> 4772.044
B36: =SUM(B35:AE35) -> 202569.44
A38: Amortisationszeit
A39: Statisch | B39: =IF(B36>0,(SUM(B32:AE32))/Nutzungsjahre,((SUM(B32:AE32))/Nutzungsjahre)*-1) -> 12894.595 | C39: =KapitalgebundeneKosten/B39 -> 6.9796687
A40: Dynamische | B40: =IF(B36>0,(SUM(B33:AE33))/Nutzungsjahre,((SUM(B33:AE33))/Nutzungsjahre)*-1) -> 9752.3146 | C40: =KapitalgebundeneKosten/B40 -> 9.2285785
